Map: [ESL] Moondance

Players

DisK - Winner!

  • Race: Protoss Protoss
  • Spawn Location: 6:00

Future

  • Race: Terran Terran
  • Spawn Location: 12:00

Event: DreamHack SC2 Masters 2022 Atlanta (Online)

VOD

Have the link to the VOD?

Description

Time

  • Played on: Oct. 4, 2022, 5:03 p.m.
  • Length: 12:41

All games in this series

Show
View Real Time Build Order
Export as new Build Order

DisK Protoss - Winner!

Build Orders: Blink Stalkers 

Get SALT Encoding   

  12  0:00  Probe  
  13  0:12  Probe  
  14  0:17  Pylon  
  14  0:24  Probe  
  15  0:35  Gateway  
  15  0:37  Probe (Chrono Boost)  
  16  0:46  Probe (Chrono Boost)  
  16  0:48  Assimilator  
  17  0:51  Probe (Chrono Boost)  
  18  1:03  Probe  
  19  1:15  Probe  
  20  1:22  Cybernetics Core  
  20  1:27  Probe  
  20  1:29  Assimilator  
  20  1:31  Pylon  
  23  1:44  Probe  
  22  1:51  Nexus  
  22  1:56  Probe  
  22  1:58  Adept (Chrono Boost)  
  25  2:09  Probe (Chrono Boost)  
  25  2:11  Warp Gate  
  26  2:18  Probe (Chrono Boost)  
  27  2:23  Probe  
  27  2:24  Stalker  
  30  2:32  Pylon  
  30  2:37  Probe  
  30  2:42  Twilight Council  
  32  2:59  Probe (Chrono Boost)  
  33  3:05  Probe (Chrono Boost)  
  34  3:13  Blink (Chrono Boost)  
  34  3:15  Probe x2 (Chrono Boost)  
  34  3:18  Gateway  
  35  3:20  Probe (Chrono Boost)  
  35  3:21  Probe  
  37  3:30  Robotics Facility  
  37  3:32  Probe  
  37  3:33  Probe  
  39  3:40  Gateway  
  39  3:44  Probe, Gateway  
  39  3:47  Probe  
  41  3:52  Assimilator  
  41  3:56  Probe  
  41  4:00  Stalker  
  41  4:02  Pylon  
  44  4:04  Probe  
  44  4:08  Probe  
  46  4:15  Warp Prism (Chrono Boost), Stalker  
  46  4:16  Probe  
  49  4:23  Pylon  
  51  4:29  Stalker  
  51  4:30  Pylon  
  53  4:36  Stalker  
  55  4:39  Stalker  
  55  4:43  Stalker  
  59  5:00  Pylon  
  59  5:05  Stalker x3  
  59  5:06  Stalker  
  67  5:11  Probe  
  64  5:31  Stalker x4  
  72  5:38  Assimilator  
  72  5:39  Robotics Bay  
  72  5:44  Immortal (Chrono Boost)  
  72  5:49  Shield Battery  
  64  6:05  Stalker x4  
  64  6:08  Probe x2  
  72  6:23  Observer (Chrono Boost)  
  71  6:33  Probe x2  
  71  6:34  Nexus  
  71  6:36  Colossus (Chrono Boost)  
  71  6:37  Pylon  
  79  6:46  Pylon  
  79  6:47  Probe x2  
  81  6:56  Sentry, Pylon  
  81  6:57  Sentry, Extended Thermal Lance  
  81  6:59  Probe x2  
  81  7:01  Observer  
  87  7:07  Pylon  
  87  7:11  Probe x2  
  89  7:16  Forge  
  89  7:24  Colossus (Chrono Boost)  
  89  7:25  Shield Battery  
  95  7:36  Zealot x4  
  103  7:37  Shield Battery  
  103  7:49  Shield Battery  
  103  8:05  Charge (Chrono Boost)  
  101  8:08  Zealot  
  101  8:09  Zealot x3  
  103  8:25  Gateway  
  103  8:27  Gateway  
  103  8:28  Cybernetics Core  
  103  8:29  Stalker x3  
  103  8:30  Gateway  
  103  8:31  Gateway  
  109  8:34  Protoss Ground Weapons Level 1 (Chrono Boost)  
  109  8:38  Shield Battery, Probe  
  109  8:39  Probe x2  
  112  8:41  Assimilator  
  112  8:44  Disruptor (Chrono Boost)  
  115  8:53  Zealot  
  117  8:57  Pylon x2  
  117  9:08  Observer  
  117  9:15  Templar Archives, Probe x3  
  120  9:19  Disruptor (Chrono Boost)  
  120  9:23  Pylon  
  123  9:27  Probe  
  124  9:31  Zealot x2  
  124  9:32  Zealot x2  
  124  9:37  Gateway  
  132  9:42  Nexus  
  132  9:43  Pylon  
  132  9:48  Disruptor (Chrono Boost)  
  135  9:54  High Templar x3  
  135  9:56  Pylon  
  135  9:58  Pylon  
  141  10:01  Forge  
  141  10:03  High Templar  
  141  10:04  High Templar x2  
  141  10:05  Archon  
  147  10:08  Archon x2  
  147  10:11  Probe x2  
  149  10:15  Probe  
  149  10:17  Protoss Ground Weapons Level 2 (Chrono Boost)  
  149  10:26  Pylon  
  149  10:30  Pylon  
  149  10:31  Disruptor  
  149  10:32  Shield Battery  
  149  10:34  Stalker  
  154  10:38  Pylon  
  154  10:40  Stalker  
  154  10:42  Stalker  
  156  10:46  Stalker  
  158  11:06  Zealot  
  158  11:07  Zealot x6  
  162  11:22  Zealot  
  164  11:36  Zealot x3  
  164  11:37  Zealot x4  
  166  11:54  Stalker  
  144  12:10  Zealot x4  
Show
View Real Time Build Order
Export as new Build Order

Future Terran 

Build Orders: Command Center First (CC) 

Get SALT Encoding   

  12  0:00  SCV  
  13  0:12  SCV  
  14  0:17  Supply Depot  
  14  0:24  SCV  
  15  0:38  SCV  
  16  0:50  SCV  
  17  0:59  Command Center  
  17  1:02  SCV  
  18  1:07  Refinery  
  18  1:15  SCV  
  19  1:27  SCV, Barracks  
  20  1:36  Barracks  
  20  1:39  SCV  
  21  1:50  Barracks  
  21  1:51  SCV  
  22  2:04  SCV  
  23  2:14  Orbital Command  
  23  2:16  Marine  
  23  2:19  Orbital Command  
  24  2:24  Marine  
  25  2:34  Marine  
  26  2:37  Bunker  
  26  2:38  Marine  
  26  2:42  SCV, Marine  
  29  2:45  SCV  
  29  2:51  Marine  
  29  2:54  SCV  
  29  2:56  Marine  
  29  2:57  SCV  
  32  3:06  SCV  
  32  3:07  Marine  
  32  3:09  SCV, Marine  
  35  3:15  Marine  
  35  3:18  SCV  
  37  3:21  SCV  
  38  3:28  Refinery  
  38  3:33  Factory  
  38  3:35  Supply Depot  
  38  3:39  Barracks Reactor, Barracks Tech Lab  
  38  3:40  Barracks Tech Lab  
  38  3:47  SCV x2  
  40  3:50  Refinery  
  40  3:51  Refinery  
  40  3:58  Supply Depot  
  40  3:59  SCV x2, Marine x2  
  40  4:02  Stimpack  
  44  4:05  Supply Depot  
  44  4:12  SCV x2  
  44  4:16  Marine x2  
  48  4:17  Marine x2  
  48  4:21  Supply Depot  
  48  4:22  Starport  
  48  4:24  SCV x2  
  52  4:28  Factory Reactor  
  52  4:34  Marine x2  
  52  4:36  SCV x2, Marauder  
  58  4:39  Marauder  
  60  4:48  SCV x2, Combat Shield  
  60  4:52  Supply Depot  
  62  4:56  Supply Depot, Marine  
  62  4:57  Marine  
  64  5:06  Marauder x2  
  67  5:15  SCV x2  
  64  5:24  Marine  
  64  5:25  Marine  
  64  5:27  Marauder x2  
  64  5:35  Medivac  
  66  5:38  Medivac  
  68  5:44  Marine x2  
  68  5:48  Marauder  
  74  5:50  Marauder  
  62  5:59  SCV x2  
  63  6:05  Medivac  
  63  6:08  Medivac  
  63  6:10  Marauder  
  63  6:11  Marauder, Marine x2  
  72  6:13  Factory Tech Lab  
  71  6:28  Marine  
  71  6:29  Marine  
  71  6:31  Marauder  
  71  6:32  Marauder  
  73  6:33  Siege Tank  
  73  6:34  Command Center  
  73  6:36  SCV x2  
  78  6:40  Supply Depot  
  78  6:41  Supply Depot  
  78  6:49  Marine  
  78  6:50  Marine  
  78  6:53  Marauder  
  78  6:54  Marauder  
  84  6:57  Viking  
  84  6:58  SCV x2  
  88  7:08  Engineering Bay, Marine x2  
  88  7:10  SCV x2  
  88  7:13  Supply Depot  
  88  7:15  Marauder x2  
  96  7:18  Siege Tank  
  99  7:24  SCV x2  
  101  7:32  Supply Depot  
  101  7:33  Supply Depot  
  101  7:36  SCV x2  
  103  7:42  Marauder x2, Marine x2  
  109  7:45  Terran Infantry Weapons Level 1  
  109  7:49  SCV  
  109  7:50  SCV, Siege Tank  
  112  7:54  Orbital Command  
  112  8:03  SCV  
  112  8:04  SCV  
  113  8:09  Marauder x2, Marine x2  
  116  8:15  Viking x2  
  116  8:16  SCV  
  116  8:17  Barracks  
  121  8:24  Siege Tank  
  121  8:25  SCV  
  121  8:26  Barracks  
  125  8:29  Refinery x2  
  125  8:31  SCV  
  126  8:38  SCV x2  
  126  8:43  SCV, Marauder x2, Marine x2  
  133  8:50  Supply Depot, SCV  
  133  8:51  Supply Depot  
  134  8:56  Siege Tank  
  134  9:00  Marine  
  137  9:04  Marauder  
  137  9:08  Ghost Academy, Supply Depot  
  137  9:09  Viking  
  141  9:12  Viking  
  143  9:17  Barracks Reactor, Barracks Tech Lab  
  143  9:18  Marine  
  143  9:19  Marauder  
  143  9:23  Concussive Shells  
  146  9:26  Supply Depot x2  
  146  9:36  Marine  
  146  9:37  Marine  
  151  9:41  Ghost x2  
  152  9:48  Supply Depot x2  
  152  9:51  Ghost  
  154  9:54  Marine x2  
  154  9:58  Viking  
  85  10:00  Viking  
  158  10:04  Marine x2  
  162  10:10  Marauder  
  162  10:11  Marauder  
  166  10:19  Marine  
  166  10:20  Marauder, Marine  
  170  10:21  Marine x2  
  172  10:32  Marauder x2  
  175  10:41  Marauder, Marine x3  
  175  10:42  Medivac, Siege Tank  
  183  10:43  Medivac  
  187  10:53  Marauder x2  
  184  11:06  Marine  
  184  11:07  Marauder  
  184  11:09  Marine  
  181  11:15  Marauder, Marine x2  
  181  11:16  Marauder  
  180  11:28  Marauder  
  172  11:56  Marauder x2  
  172  11:57  Marine  
  172  11:59  Marauder, Marine  
  150  12:13  Marine x2  
  150  12:15  Marine  
  146  12:18  Marauder x2  
Tags
 
Add a new tag
Caveats
  • Supply blocks, unpowered buildings, or Contaminate may cause inaccurate times.
  • Supply counts are checked every 10 seconds.